AoeStats
← Match Point

Arabia

509990949Analyzed
1v1 RM · 5d ago on Sep 28, 2026· 29m 58s· 2 players
Game mode
Random Map
Map size
Tiny (2 player)
Population
200
Speed
Normal
Resources
Standard
Victory
Conquest
Starting age
Dark Age
Ending age
Imperial Age
RankedLock teamsTeams togetherTeam positionsShared explorationLock speedFull tech treeHidden civsTurbo modeCheats
Victory
Defeat
🇦🇷 Muisca · Argentina
1254
+16
🇨🇴 Hindustanis · Colombia
1263
-16
El Latigo
7:39 Loom
9:50 Feudal Age
10:22 Double-Bit Axe
10:45 Champi Runner
21:38 Castle Age
20:23 Forging
20:13 Scale Mail Armor
22:21 Champi Warrior
24:03 Squires
24:43 Iron Casting
25:00 Chain Mail Armor
25:41 Horse Collar
26:12 Bow Saw
Match Point
3:28 Loom
8:31 Feudal Age
10:42 Double-Bit Axe
23:38 Castle Age
23:37 Forging
24:09 Scale Barding Armor
24:06 Gold Mining
24:06 Stone Mining
25:24 Iron Casting
28:26 Fletching
Connection lost

Rejoining the realm…

Still unreachable

The connection could not be restored.

Session expired

The server has moved on; the page needs a fresh start.